 Dungeon Crawl Stone Soup version 0.30.1-4-g462c640d31 (webtiles) character file.

Game seed: 9316004318618556076

8922 MrPagan1517 the Cleaver (level 11, -7/97 HPs)
             Began as a Hill Orc Fighter on Sept 1, 2023.
             Was a Believer of Beogh.
             Mangled by a cane toad (10 damage)
             ... on level 1 of the Lair of Beasts on Sept 2, 2023.
             The game lasted 00:26:26 (8835 turns).

MrPagan1517 the Cleaver (Hill Orc Fighter)          Turns: 8835, Time: 00:26:26

Health: -7/97      AC: 23    Str: 30    XL:     11   Next: 38%
Magic:  0/11       EV:  4    Int:  8    God:    Beogh [**....]
Gold:   447        SH: 13    Dex: 10    Spells: 10/10 levels left

rFire   + . .        a - +0 war axe (heavy)
rCold   + . .        B - +0 tower shield
rNeg    . . .        j - +1 crystal plate armour
rPois   +            e - +0 helmet
rElec   +            D - +0 cloak
rCorr   +            (no gloves)
SInv    .            (no boots)
Will    .....        w - amulet of guardian spirit Stlth
                     i - +4 ring of slaying
HPRegen 0.36/turn    o - +6 ring of strength
MPRegen 0.12/turn

%: clarity, guardian spirit
@: mighty, lethally poisoned (-7 -> -11), resistant, slowed, very slow
A: fangs 1, clarity, MP-powered wands
a: Renounce Religion, Smiting


You were on level 1 of the Lair of Beasts.
You worshipped Beogh.
Beogh was pleased with you.
You visited 2 branches of the dungeon, and saw 11 of its levels.

You collected 447 gold pieces.

Inventory:

Hand Weapons
 a - a +0 heavy war axe (weapon)
 r - the +6 hammer of Kiezem {holy, rF+}
   (You found it on level 3 of the Dungeon)

   rF:        It protects you from fire.
 A - a +0 broad axe
Armour
 c - a +0 buckler
 e - a +0 helmet (worn)
 j - a +1 crystal plate armour (worn)
 B - a +0 tower shield (worn)
 D - a +0 cloak (worn)
Jewellery
 g - a ring of resist corrosion
 i - a +4 ring of slaying (left hand)
 o - a +6 ring of strength (right hand)
 q - a ring of ice
 s - a ring of positive energy
 v - a ring of ice
 w - an amulet of guardian spirit (around neck)
 z - a ring of protection from fire
Wands
 b - a wand of charming (5)
 p - a wand of mindburst (3)
 t - a wand of flame (11)
 u - a wand of light (8)
Scrolls
 l - 5 scrolls of teleportation
 x - a scroll of fear
 y - 3 scrolls of silence
 E - a scroll of identify
 G - a scroll of enchant weapon {unknown}
Potions
 f - 5 potions of curing
 h - 2 potions of ambrosia
 k - 3 potions of resistance
 m - a potion of haste
 n - a potion of magic
 C - 2 potions of lignification
 F - a potion of brilliance {unknown}


   Skills:
 + Level 9.0 Fighting
 + Level 14.1(15.2) Axes
 * Level 8.2(11.2) Maces & Flails
 + Level 8.5 Armour
 - Level 0.2 Dodging
 + Level 7.3 Shields


You had 10 spell levels left.
You didn't know any spells.
Your spell library contained the following spells:

 Spells                   Type           Power      Damage    Failure   Level
 Magic Dart               Conj           0%         1d3       100%        1
 Blink                    Tloc           0%         N/A       100%        2
 Call Imp                 Summ           0%         N/A       100%        2
 Lesser Beckoning         Tloc           0%         N/A       100%        2
 Momentum Strike          Conj/Tloc      0%         3d8       100%        2
 Searing Ray              Conj           0%         2d4       100%        2
 Inner Flame              Hex/Fire       0%         N/A       100%        3
 Mephitic Cloud           Conj/Pois/Air  0%         N/A       100%        3
 Ozocubu's Armour         Ice            0%         N/A       100%        3
 Flame Wave               Conj/Fire      0%         2d4       100%        4
 Fulminant Prism          Conj/Hex       0%         3d5       100%        4
 Passage of Golubria      Tloc           0%         N/A       100%        4
 Sticky Flame             Conj/Fire      0%         2d3       100%        4
 Silence                  Hex/Air        0%         N/A       100%        5
 Ozocubu's Refrigeration  Ice            0%         4d7       100%        7
 Lehudib's Crystal Spear  Conj/Erth      0%         10d2      100%        8
 Chain Lightning          Conj/Air       0%         N/A       100%        9
 Fire Storm               Conj/Fire      0%         5d1       100%        9
 Shatter                  Erth           0%         3d5*      100%        9


Dungeon Overview and Level Annotations

Branches:
Dungeon (10/15)            Temple (0/1) D:4            Lair (1/5) D:10
    Orc: D:9-12

Altars:
Ru
Wu Jian
Yredelemnul
Zin

Shops:
D:4 (   D:8 *

Annotations:
Lair:1 Amaemon


Innate Abilities, Weirdness & Mutations

You have very sharp teeth.
You possess an exceptional clarity of mind.
You expend magic power (3 MP) to strengthen your wands.


Message History

You kill the rime drake!
Beogh accepts your kill.
You hit the yak. You block the cane toad's attack.
The yak gores you but does no damage. x2; The cane toad stings you!
You are poisoned.
The cane toad poisons you! Amaemon hits you but does no damage.
You are more poisoned.
Amaemon claws you but does no damage. You block Amaemon's attack.
The yak gores you but does no damage. x2
Your Fighting skill increases to level 9!
You feel protected.
You feel very sick.
A water moccasin comes into view.
You block the cane toad's attack. You block the yak's attack.
Amaemon whines, "They said I was special.
Look at me now!"
You block Amaemon's attack. x2
Amaemon tail-slaps you but does no damage.
The yak gores you but does no damage.
The cane toad stings you but does no damage.
Amaemon points at the cane toad and mumbles some strange words.
The cane toad seems to grow toxic.
The yak gores you but does no damage.
You hear a screech!
You feel very mighty all of a sudden.
You feel very sick. You block the cane toad's attack. The yak gores you.
Amaemon hits you with a -1 demon whip of venom.
Amaemon claws you but does no damage. Amaemon barely misses you.
The cane toad stings you.
* * * LOW HITPOINT WARNING * * *
You barely miss Amaemon. You barely miss the cane toad.
You slice the torpor snail!! You completely miss the yak.
You feel very sick. The cane toad stings you!
* * * LOW HITPOINT WARNING * * *
An orange demon comes into view.
The yak gores you!
* * * LOW HITPOINT WARNING * * *
You block Amaemon's attack. x2; Amaemon completely misses you.
You block the torpor snail's attack. The cane toad stings you!
You die...

...♣...# .
......# #.
...♣.# #..
....#
#...♣...#
.4...Y### ##
#S6Fw.##.##
#Y@....#.##
###..♣....##
##....#..
##.###.#
#...#.#
##....#
####.#
##†###
##....##


You could see Amaemon, a torpor snail, an orange demon (wandering), 2 yaks, a
cane toad (curare) and a water moccasin.

Vanquished Creatures
  Maurice (D:8)
  A black mamba (Lair:1)
  A cane toad (Lair:1)
  A rime drake (Lair:1)
  3 unseen horror zombies (D:8)
  A hornet (D:10)
  5 blink frogs (Lair:1)
  A wraith (D:9)
  10 yaks
  Eustachio (D:6)
  A wyvern (D:7)
  Grum (D:10)
  An acid dragon (D:10)
  2 water moccasins
  A sky beast (D:8)
  3 orc warriors
  3 wolves (D:10)
  2 centaurs
  A phantom (D:5)
  3 kobold brigands
  2 scorpions (D:6)
  2 wyvern zombies (D:8)
  Blork the orc (D:6)
  4 wights (D:6)
  7 bullfrogs
  9 killer bees
  4 howler monkeys
  A centaur zombie (D:8)
  2 jellies
  An orc priest (D:8)
  Crazy Yiuf (D:3)
  7 hounds
  3 gnoll boudas
  3 iguanas
  3 orc wizards
  A killer bee zombie (D:8)
  Robin (D:3)
  A howler monkey zombie (D:8)
  17 gnolls
  3 adders
  A shadow imp (D:8)
  2 dart slugs
  22 orcs
  4 bats
  4 endoplasms
  3 giant cockroaches
  11 goblins
  2 hobgoblins
  3 jackals (D:3)
  15 kobolds
  A quokka (D:4)
  3 ball pythons
  2 frilled lizards
  2 rats
  A spectral kobold (D:1)
192 creatures vanquished.

Notes
Turn   | Place    | Note
-------+----------+-------------------------------------------
     0 | D:1      | MrPagan1517 the Hill Orc Fighter began the quest for the
                  | Orb.
     0 | D:1      | Reached XP level 1. HP: 19/19 MP: 1/1
    30 | D:1      | Found a faded altar of an unknown god.
   274 | D:1      | Reached XP level 2. HP: 26/27 MP: 2/2
   784 | D:2      | Reached skill level 3 in Axes
  1332 | D:2      | Reached XP level 3. HP: 32/33 MP: 3/3
  1540 | D:3      | Noticed Robin
  1553 | D:3      | Reached skill level 4 in Axes
  1565 | D:3      | Killed Robin
  1566 | D:3      | Reached XP level 4. HP: 17/40 MP: 4/4
  1690 | D:3      | Reached skill level 5 in Axes
  1850 | D:3      | Found a glowing silver altar of Zin.
  1896 | D:3      | Reached XP level 5. HP: 38/46 MP: 5/5
  2016 | D:3      | Found a runed translucent door.
  2023 | D:3      | Noticed Crazy Yiuf
  2024 | D:3      | Identified the +6 hammer of Kiezem {holy, rF+}
  2031 | D:3      | Killed Crazy Yiuf
  2225 | D:4      | Noticed a kobold brigand
  2233 | D:4      | Killed a kobold brigand
  2234 | D:4      | Reached skill level 6 in Axes
  2234 | D:4      | Reached skill level 1 in Maces & Flails
  2234 | D:4      | Reached XP level 6. HP: 24/53 MP: 6/6
  2647 | D:4      | Found a staircase to the Ecumenical Temple.
  2854 | D:4      | Found Ishirchosk's Antique Weapon Shoppe.
  3020 | D:4      | Gained mutation: You expend magic power (3 MP) to
                  | strengthen your wands. [potion of mutation]
  3020 | D:4      | Gained mutation: You possess an exceptional clarity of
                  | mind. [potion of mutation]
  3020 | D:4      | Gained mutation: You have very sharp teeth. [potion of
                  | mutation]
  3063 | D:5      | Entered Level 5 of the Dungeon
  3097 | D:5      | You fall into a shaft and drop 3 floors!
  3118 | D:8      | Found Asibuj's Assorted Antiques.
  3134 | D:8      | Noticed a sky beast
  3140 | D:8      | Killed a sky beast
  3140 | D:8      | Noticed an orc warrior
  3141 | D:8      | Reached skill level 7 in Axes
  3147 | D:8      | Killed an orc warrior
  3148 | D:8      | Reached XP level 7. HP: 58/60 MP: 7/7
  3202 | D:7      | Noticed a wyvern
  3207 | D:7      | Killed a wyvern
  3208 | D:7      | Reached skill level 5 in Fighting
  3208 | D:7      | Reached skill level 8 in Axes
  3394 | D:5      | Found a sacrificial altar of Ru.
  3522 | D:5      | Reached XP level 8. HP: 68/68 MP: 8/8
  4251 | D:6      | Reached skill level 9 in Axes
  4266 | D:6      | Reached skill level 5 in Armour
  4329 | D:6      | Noticed Blork the orc
  4336 | D:6      | Killed Blork the orc
  4415 | D:6      | Noticed Eustachio
  4507 | D:6      | Killed Eustachio
  4508 | D:6      | Reached skill level 10 in Axes
  4696 | D:6      | Identified the +6 whip "Tepsagu" {antimagic, rF+ Will+}
  4875 | D:6      | Reached XP level 9. HP: 65/75 MP: 6/9
  5481 | D:7      | Became a worshipper of Beogh the Brigand
  5490 | D:7      | Reached skill level 5 in Maces & Flails
  6015 | D:8      | Found a basalt altar of Yredelemnul.
  6015 | D:8      | Noticed Maurice
  6020 | D:8      | Reached skill level 11 in Axes
  6020 | D:8      | Reached skill level 5 in Shields
  6031 | D:8      | Killed Maurice
  6447 | D:8      | Reached * piety under Beogh
  6451 | D:8      | Reached XP level 10. HP: 86/86 MP: 10/10
  6488 | D:8      | Reached skill level 12 in Axes
  7053 | D:9      | Found an ornate altar of the Wu Jian Council.
  7227 | D:9      | Reached skill level 13 in Axes
  7318 | D:9      | Reached ** piety under Beogh
  8073 | D:10     | Entered Level 10 of the Dungeon
  8105 | D:10     | Noticed Grum
  8115 | D:10     | Killed Grum
  8116 | D:10     | Reached XP level 11. HP: 88/95 MP: 8/11
  8383 | D:10     | Found a staircase to the Lair.
  8402 | Lair:1   | Entered Level 1 of the Lair of Beasts
  8686 | Lair:1   | Reached skill level 14 in Axes
  8830 | Lair:1   | Noticed Amaemon
  8835 | Lair:1   | HP: 3/97 [yak[a torpor snail] (9)]
  8835 | Lair:1   | Mangled by a cane toad

Illustrated notes

Levels and vault maps discovered:
D:1:      scummos_arrival_checkerplants, layout_basic,
          dreamdust_ecumenical_altar_drowned_temple
D:2:      layout_loops_ring
D:3:      layout_basic, zin_statuary, uniq_robin, uniq_crazy_yiuf_cottage
D:4:      layout_basic, minmay_temple_entry_overgrown, serial_shops,
          nicolae_shop_window_shopping
D:5:      layout_basic, nicolae_ru_sacrificial_ziggurat
D:6:      layout_cave_pools, uniq_eustachio, uniq_blork_the_orc
D:7:      layout_basic
D:8:      layout_loops_ring, nicolae_yredelemnul_corpse_copse, serial_shops,
          nicolae_shop_tiny_glass, uniq_maurice
D:9:      hellmonk_ruined_rings, layout_irregular_city, old_standard_altar,
          billiards_dpeg
D:10:     minmay_the_grid_triangle_9x9_rhombus_full
          [minmay_the_grid_triangle_9x9_sparse_checkered,
          minmay_the_grid_triangle_9x9_corruption,
          minmay_the_grid_triangle_9x9_limited_checkers,
          minmay_the_grid_triangle_9x9_swiss_cheese,
          minmay_the_grid_triangle_9x9_sprig,
          minmay_the_grid_triangle_9x9_zippers_vertical,
          minmay_the_grid_triangle_9x9_empty,
          minmay_the_grid_triangle_9x9_prize_center], layout_loops_cross,
          gammafunk_temple_overflow_pools, hiddenorc2_lemuel,
          ebering_ghost_gozag, nicolae_figureground_sparkle, uniq_grum
Lair:1:   layout_big_grid, serial_forest, infiniplex_forest_clump_curved,
          infiniplex_forest_clump_large, infiniplex_forest_clump_small,
          infiniplex_forest_lined_3, infiniplex_forest_side_room,
          infiniplex_forest_end_double, infiniplex_forest_zigzag_1,
          dreamdust_deal_with_the_devil, grunt_megastairs_4,
          infiniplex_staircase_pool_2, uniq_amaemon

Skill      XL: |  1  2  3  4  5  6  7  8  9 10 11 |
---------------+----------------------------------+-----
Axes           | 3 4 5 6 7 8 10 11 13 14 | 14.1
Fighting       | 4 5 6 7 8 9 |  9.0
Maces & Flails | 1 2 3 4 6 7 8 |  8.2
Armour         | 4 5 7 8 |  8.5
Shields        | 4 5 6 7 |  7.3
Dodging        | |  0.2

Action                     |  1- 3 |  4- 6 |  7- 9 | 10-12 || total
---------------------------+-------+-------+-------+-------++-------
  Melee: War axe           |    67 |    60 |   153 |   145 ||   425
         Bite              |       |       |    13 |    10 ||    23
         Unarmed           |       |       |     2 |       ||     2
 Invoke: Convert to Beogh  |       |       |     1 |       ||     1
  Evoke: Wand              |       |       |     1 |       ||     1
    Use: Scroll            |     4 |     3 |     8 |     4 ||    19
         Potion            |       |     2 |     9 |     3 ||    14
 Armour: Scale mail        |    10 |       |       |       ||    10
         Crystal plate arm |    59 |    53 |   173 |   151 ||   436
  Dodge: Dodged            |    23 |    13 |    56 |    36 ||   128
  Block: Buckler           |    22 |    14 |    56 |     8 ||   100
         Tower shield      |       |       |       |   128 ||   128
